 Dungeon Crawl Stone Soup version 0.22-a0-3-g4fa69d9 (webtiles) character file.

752 tidbits the Grave Robber (level 7, -1/51 HPs)
             Began as a Gnoll Necromancer on Jan 1, 2018.
             Was an Initiate of Cheibriados.
             Slain by a two-headed ogre
             ... wielding a +0 giant spiked club
              (8 damage)
             ... on level 8 of the Dungeon.
             The game lasted 00:17:08 (1688 turns).

tidbits the Grave Robber (Gnoll Necromancer)        Turns: 1688, Time: 00:17:09

Health: -1/51      AC:  4    Str:  9 (12) XL:     7   Next: 78%
Magic:  6/15       EV: 23    Int: 22 (25) God:    Cheibriados [......]
Gold:   156        SH:  0    Dex: 19 (21) Spells: 4/17 levels left

rFire    . . .     SeeInvis .   y - +2 trident (venom)
rCold    . . .     Gourm    .   (no shield)
rNeg     . . .     Faith    .   f - +0 robe
rPois    .         Spirit   .   (helmet restricted)
rElec    .         Reflect  .   C - +0 cloak
rCorr    .         Harm     .   p - +0 pair of gloves
MR       .....                  (no boots)
Stlth    ++++......             (no amulet)
HPRegen  0.17/turn              (no ring)
MPRegen  0.14/turn              (no ring)

@: brilliant, agile, very slow
A: distributed training, fangs 1, horns 1, repulsion field 1, evolution 1,
strong nose
a: Bend Time, Renounce Religion


You were on level 8 of the Dungeon.
You worshipped Cheibriados.
Cheibriados was noncommittal.
You were very hungry.

You visited 2 branches of the dungeon, and saw 9 of its levels.

You collected 156 gold pieces.

Inventory:

Hand Weapons
 a - a +0 flail of protection
   (You took it off Edmund on level 3 of the Dungeon)
 d - a +0 dagger
 e - a +0 spear
 m - a +2 dagger of speed
   (You took it off a goblin on level 3 of the Dungeon)
 n - a +0 hunting sling
 t - a +4 blowgun
 y - a +2 trident of venom (weapon)
   (You found it on level 5 of the Dungeon)
Missiles
 g - 22 arrows
 l - 4 tomahawks (quivered)
 o - 9 stones
 u - 11 poisoned needles
Armour
 f - a +0 robe (worn)
 p - a +0 pair of gloves (worn)
 C - a +0 cloak (worn)
Magical Staves
 i - an uncursed staff of power {unknown}
   (You found it on level 3 of the Dungeon)
Wands
 h - a wand of random effects (11)
Scrolls
 k - 2 scrolls of amnesia
 v - a scroll of teleportation
 w - a scroll of fear {unknown}
Potions
 j - 2 potions of curing
 r - a potion of brilliance
 s - a potion of lignification {unknown}
 x - a potion of mutation {!q}
Books
 b - a book of Necromancy

   Spells                             Type                      Level
   a - Pain                           Necromancy                   1
   b - Animate Skeleton               Necromancy                   1
   c - Vampiric Draining              Necromancy                   3
   d - Regeneration                   Charms/Necromancy            3
   e - Animate Dead                   Necromancy                   4
   f - Borgnjor's Vile Clutch         Necromancy/Earth             5
Comestibles
 c - 14 rations


   Skills:
 + Level 2.6 Fighting
 + Level 2.6 Short Blades
 + Level 2.6 Long Blades
 + Level 2.6 Axes
 + Level 2.6 Maces & Flails
 + Level 2.6 Polearms
 + Level 2.6 Staves
 + Level 2.6 Slings
 + Level 2.6 Bows
 + Level 2.6 Crossbows
 + Level 2.6 Throwing
 + Level 2.6 Armour
 + Level 5.3 Dodging
 + Level 5.0 Stealth
 + Level 2.6 Shields
 + Level 2.6 Unarmed Combat
 + Level 5.7 Spellcasting
 + Level 2.1 Conjurations
 + Level 2.1 Hexes
 + Level 2.1 Charms
 + Level 2.1 Summonings
 + Level 7.4 Necromancy
 + Level 2.1 Translocations
 + Level 2.1 Transmutations
 + Level 2.1 Fire Magic
 + Level 2.1 Ice Magic
 + Level 2.1 Air Magic
 + Level 2.1 Earth Magic
 + Level 2.1 Poison Magic
 + Level 2.9 Invocations
 + Level 2.6 Evocations


You had 4 spell levels left.
You knew the following spells:

 Your Spells              Type           Power        Failure   Level  Hunger
a - Pain                  Necr           ####         1%          1    None
d - Borgnjor's Vile Clut  Necr/Erth      #####.....   4%          5    #####..
n - Animate Skeleton      Necr           N/A          1%          1    None
r - Regeneration          Chrm/Necr      #####.....   1%          3    ##.....
v - Vampiric Draining     Necr           ######....   1%          3    ##.....


Dungeon Overview and Level Annotations

Branches:
Dungeon (8/15)             Temple (1/1) D:6
   Lair: D:8-11

Altars:
Ashenzari
Cheibriados
Dithmenos
Elyvilon
Fedhas
Gozag
Hepliaklqana
Nemelex Xobeh
Trog
Wu Jian

Annotations:
D:4 wazuzu's ghost, novice DsGl
D:6 Squigly's ghost, novice OpTm


Innate Abilities, Weirdness & Mutations

Your experience applies equally to all skills.
You have very sharp teeth.
Your uncanny sense of smell can sniff out nearby items.
You have a pair of small horns on your head.
You are surrounded by a mild repulsion field. (EV +2)
You evolve.


Message History

It bursts into flame!
The big kobold moves out of view.
Found 28 arrows.
A big kobold comes into view. It is wielding a short sword.
You enter the shallow water.
Moving in this stuff is going to be slow.
The big kobold shouts!
You hear a bleat!
You hear a bellow!
A big kobold opens the gate.
The big kobold throws a stone.
The stone hits you.
A dream sheep comes into view.
The dream sheep bleats!
Found 2 rations. 2 yaks and a dream sheep come into view.
The yak bellows!
The big kobold throws a stone.
The stone hits you but does no damage.
The dream sheep shake their wool and sparkle.
You feel drowsy...
You fall asleep.
The big kobold hits you with a falchion of flaming.
You wake up.
The big kobold burns you.
You see here a stone.
As you read the scroll of teleportation, it crumbles to dust.
You feel strangely unstable.
The big kobold hits you with a falchion of flaming!
The big kobold burns you.
Unknown command.
You enter the shallow water.
Moving in this stuff is going to be slow.
The big kobold barely misses you.
The big kobold hits you with a falchion of flaming.
The big kobold burns you.
Unknown command.
Your surroundings suddenly seem different.
Found an encrusted emerald ring.
A two-headed ogre comes into view.
It is wielding a giant spiked club and a giant club.
The two-headed ogre shouts in stereo!
Found a stone staircase leading up.
A wight and a zombie come into view.
Unknown command.
Unknown command.
Unknown command.
It was a potion of degeneration.
There was something very wrong with that liquid.
You feel weakened.
You feel dopey.
You feel clumsy.
The worker ant zombie moves out of view.
An orc and a wight come into view.
Okay, then.
Unknown command.
You feel agile all of a sudden.
A wight comes into view. It is wielding an enchanted scimitar.
It was a potion of brilliance.
You feel clever all of a sudden.
The two-headed ogre completely misses you.
The two-headed ogre hits you with a giant club!!
* * * LOW HITPOINT WARNING * * *
You feel much better.
The two-headed ogre hits you with a giant spiked club!!
Ouch! That really hurt!
* * * LOW HITPOINT WARNING * * *
The two-headed ogre misses you.
The orc shouts!
A slime creature comes into view.
Okay, then.
Okay, then.
Unknown command.
Casting: Pain
Confirm with . or Enter, or press ? or * to list all spells.
You don't know that spell.
Adjust (i)tems, (s)pells, or (a)bilities?
Adjust which spell? b - Borgnjor's Vile Clutch Adjust to which letter? d - Borgnjor's Vile Clutch; b - Vampiric Draining Adjust (i)tems, (s)pells, or (a)bilities?
Huh?
Unknown command.
Unknown command.
Adjust (i)tems, (s)pells, or (a)bilities?
Adjust which spell? d - Borgnjor's Vile Clutch Adjust to which letter? v - Borgnjor's Vile Clutch Adjust (i)tems, (s)pells, or (a)bilities?
Adjust which spell? b - Vampiric Draining Adjust to which letter? v - Vampiric Draining; b - Borgnjor's Vile Clutch Adjust (i)tems, (s)pells, or (a)bilities?
Adjust which spell? b - Borgnjor's Vile Clutch Adjust to which letter? d - Borgnjor's Vile Clutch
Casting: Pain
Confirm with . or Enter, or press ? or * to list all spells.
Aiming: Borgnjor's Vile Clutch
Press: ? - help, Dir - move target cursor, f - two-headed ogre
Aim: a two-headed ogre, wielding a giant spiked club and a giant club Decaying hands burst forth from the earth!
Zombie hands grab the two-headed ogre.
Zombie hands grab the wight.
The zombie hands constrict the wight.
The zombie hands constrict the two-headed ogre!
The two-headed ogre hits you with a giant spiked club!
You die...

.... ..# ....
##.z#< .....
.....
.....####..z#
.o..........#
.=.Z......# #
#..Oz..# ...
#..#.#@###.....
................
##.##^#.###.....
.J.#.# ### ###
#.# ... ∆ ###


You could see a slime creature, a two-headed ogre, 3 wights, an orc and a worker
ant zombie.

Vanquished Creatures
  Edmund (D:3)
  A sky beast (D:2)
  An ice beast (D:7)
  2 scorpions
  A howler monkey (D:6)
  3 hounds (D:6)
  Natasha (D:4)
  A worker ant (D:7)
  An orc wizard (D:3)
  Robin (D:3)
  6 adders
  A shadow imp (D:6)
  An ooze (D:4)
  3 worms (D:3)
  A dart slug (D:3)
  3 leopard geckos
  4 orcs (D:3)
  3 giant cockroaches
  21 goblins
  6 hobgoblins
  2 jackals (D:1)
  4 kobolds
  2 quokkas
  9 bats
  2 frilled lizards
  9 rats
90 creatures vanquished.

Notes
Turn   | Place    | Note
-------+----------+-------------------------------------------
     0 | D:1      | tidbits the Gnoll Necromancer began the quest for the Orb.
     0 | D:1      | Reached XP level 1. HP: 13/13 MP: 6/6
    67 | D:1      | Reached XP level 2. HP: 12/19 MP: 2/7
   218 | D:1      | Learned a level 1 spell: Animate Skeleton
   424 | D:3      | Reached XP level 3. HP: 17/25 MP: 5/9
   429 | D:3      | Learned a level 3 spell: Vampiric Draining
   433 | D:3      | Learned a level 3 spell: Regeneration
   442 | D:3      | Reached skill level 5 in Spellcasting
   469 | D:4      | Noticed Edmund
   509 | D:2      | Noticed a sky beast
   519 | D:2      | Killed a sky beast
   519 | D:2      | Reached skill level 1 in Fighting
   519 | D:2      | Reached skill level 1 in Short Blades
   519 | D:2      | Reached skill level 1 in Long Blades
   519 | D:2      | Reached skill level 1 in Axes
   519 | D:2      | Reached skill level 1 in Maces & Flails
   519 | D:2      | Reached skill level 1 in Polearms
   519 | D:2      | Reached skill level 1 in Staves
   519 | D:2      | Reached skill level 1 in Slings
   519 | D:2      | Reached skill level 1 in Bows
   519 | D:2      | Reached skill level 1 in Crossbows
   519 | D:2      | Reached skill level 1 in Throwing
   519 | D:2      | Reached skill level 1 in Armour
   519 | D:2      | Reached skill level 1 in Shields
   519 | D:2      | Reached skill level 1 in Unarmed Combat
   519 | D:2      | Reached skill level 1 in Conjurations
   519 | D:2      | Reached skill level 1 in Hexes
   519 | D:2      | Reached skill level 1 in Charms
   519 | D:2      | Reached skill level 1 in Summonings
   519 | D:2      | Reached skill level 1 in Translocations
   519 | D:2      | Reached skill level 1 in Transmutations
   519 | D:2      | Reached skill level 1 in Fire Magic
   519 | D:2      | Reached skill level 1 in Ice Magic
   519 | D:2      | Reached skill level 1 in Air Magic
   519 | D:2      | Reached skill level 1 in Earth Magic
   519 | D:2      | Reached skill level 1 in Poison Magic
   519 | D:2      | Reached skill level 1 in Invocations
   519 | D:2      | Reached skill level 1 in Evocations
   519 | D:2      | Reached XP level 4. HP: 8/32 MP: 4/11
   519 | D:2      | Reached XP level 5. HP: 10/37 MP: 4/12
   763 | D:3      | Gained mutation: You evolve. [potion of mutation]
   763 | D:3      | Gained mutation: You have a pair of small horns on your head. [potion of mutation]
   763 | D:3      | Gained mutation: You are surrounded by a mild repulsion field. (EV +2) [potion of mutation]
   774 | D:3      | Killed Edmund
   774 | D:3      | Reached skill level 2 in Invocations
   774 | D:3      | Reached XP level 6. HP: 37/44 MP: 3/13
   903 | D:3      | Noticed Robin
   926 | D:3      | Killed Robin
   926 | D:3      | Reached skill level 5 in Dodging
   966 | D:3      | Reached skill level 2 in Fighting
   966 | D:3      | Reached skill level 2 in Short Blades
   966 | D:3      | Reached skill level 2 in Long Blades
   966 | D:3      | Reached skill level 2 in Axes
   966 | D:3      | Reached skill level 2 in Maces & Flails
   966 | D:3      | Reached skill level 2 in Polearms
   966 | D:3      | Reached skill level 2 in Staves
   966 | D:3      | Reached skill level 2 in Slings
   966 | D:3      | Reached skill level 2 in Bows
   966 | D:3      | Reached skill level 2 in Crossbows
   966 | D:3      | Reached skill level 2 in Throwing
   966 | D:3      | Reached skill level 2 in Armour
   966 | D:3      | Reached skill level 2 in Shields
   966 | D:3      | Reached skill level 2 in Unarmed Combat
   966 | D:3      | Reached skill level 2 in Evocations
  1118 | D:4      | Noticed wazuzu's ghost (novice DsGl)
  1157 | D:3      | Learned a level 5 spell: Borgnjor's Vile Clutch
  1385 | D:4      | Noticed Natasha
  1392 | D:4      | Killed Natasha
  1392 | D:4      | Reached XP level 7. HP: 43/50 MP: 7/15
  1407 | D:5      | Entered Level 5 of the Dungeon
  1432 | D:6      | Found an ornate altar of the Wu Jian Council.
  1434 | D:6      | Found a blossoming altar of Fedhas.
  1491 | D:6      | Found a staircase to the Ecumenical Temple.
  1505 | Temple   | Entered the Ecumenical Temple
  1511 | Temple   | Became a worshipper of Cheibriados the Contemplative
  1528 | D:6      | Noticed Squigly's ghost (novice OpTm)
  1534 | D:6      | Reached skill level 2 in Conjurations
  1534 | D:6      | Reached skill level 2 in Hexes
  1534 | D:6      | Reached skill level 2 in Charms
  1534 | D:6      | Reached skill level 2 in Summonings
  1534 | D:6      | Reached skill level 2 in Translocations
  1534 | D:6      | Reached skill level 2 in Transmutations
  1534 | D:6      | Reached skill level 2 in Fire Magic
  1534 | D:6      | Reached skill level 2 in Ice Magic
  1534 | D:6      | Reached skill level 2 in Air Magic
  1534 | D:6      | Reached skill level 2 in Earth Magic
  1534 | D:6      | Reached skill level 2 in Poison Magic
  1648 | D:7      | Reached skill level 5 in Stealth
  1677 | D:8      | Noticed a dream sheep
  1678 | D:8      | Noticed a dream sheep
  1678 | D:8      | Noticed a yak
  1678 | D:8      | Noticed a yak
  1683 | D:8      | Noticed a two-headed ogre
  1688 | D:8      | Noticed a slime creature
  1688 | D:8      | Slain by a two-headed ogre

Vault maps used:
D:1:      lightli_arrival_lavapool
D:2:      first_ration, patterned_corridor
D:3:      uniq_robin
D:4:      zin_academy, uniq_blork_the_orc, uniq_edmund, uniq_natasha
D:5:      nrook_pool_corridor, nicolae_tso_besieged_by_evil
D:6:      chequers_temple_overflow_statue_of_worship, minmay_temple_entry_hall
D:7:      lemuel_round_altar, serial_shops, shop, uniq_prince_ribbit1
D:8:      lair_entry_dummy, hangedman_ranch, lemuel_statue_altar
Temple:   eino_narrow_crystal_temple

Skill      XL: |  1  2  3  4  5  6  7 |
---------------+----------------------+-----
Spellcasting   | 5 |  5.7
Fighting       | 1 2 |  2.6
Short Blades   | 1 2 |  2.6
Long Blades    | 1 2 |  2.6
Axes           | 1 2 |  2.6
Maces & Flails | 1 2 |  2.6
Polearms       | 1 2 |  2.6
Staves         | 1 2 |  2.6
Slings         | 1 2 |  2.6
Bows           | 1 2 |  2.6
Crossbows      | 1 2 |  2.6
Throwing       | 1 2 |  2.6
Armour         | 1 2 |  2.6
Shields        | 1 2 |  2.6
Unarmed Combat | 1 2 |  2.6
Conjurations   | 1 2 |  2.1
Hexes          | 1 2 |  2.1
Charms         | 1 2 |  2.1
Summonings     | 1 2 |  2.1
Translocations | 1 2 |  2.1
Transmutations | 1 2 |  2.1
Fire Magic     | 1 2 |  2.1
Ice Magic      | 1 2 |  2.1
Air Magic      | 1 2 |  2.1
Earth Magic    | 1 2 |  2.1
Poison Magic   | 1 2 |  2.1
Invocations    | 1 2 |  2.9
Evocations     | 1 2 |  2.6
Dodging        | 5 |  5.3
Stealth        | 5 |  5.0
Necromancy     | |  7.4

Action                   |  1- 3 |  4- 6 |  7- 9 || total
-------------------------+-------+-------+-------++-------
Melee: Dagger            |     2 |     4 |       ||     6
       Flail             |       |    79 |       ||    79
       Headbutt          |       |    13 |     3 ||    16
       Bite              |       |     2 |     3 ||     5
       Trident           |       |       |    25 ||    25
       Punch             |       |       |     1 ||     1
Throw: Tomahawk          |       |     1 |       ||     1
 Cast: Pain              |    38 |    39 |    23 ||   100
       Regeneration      |     1 |     1 |     2 ||     4
       Vampiric Draining |       |     7 |     4 ||    11
       Animate Skeleton  |       |     1 |     1 ||     2
       Borgnjor's Vile C |       |       |     1 ||     1
Evoke: Wand              |       |     1 |       ||     1
  Use: Scroll            |     1 |     6 |     4 ||    11
       Potion            |       |     2 |     4 ||     6
 Stab: Sleeping          |     2 |     2 |     2 ||     6
  Eat: Chunk             |       |     2 |     1 ||     3
Armor: Robe              |     2 |    23 |     8 ||    33
Dodge: Dodged            |     7 |   104 |    37 ||   148

Table legend:
 A = Spawn XP
 B = Non-spawn XP
 C = Spawn XP percentage of total XP
 D = Spawn monster count
 E = Non-spawn monster count
 F = Spawn count percentage of total count
 G = Total turns spent on level
                    A         B        C        D         E        F      G
               +---------+---------+-------+---------+---------+-------+---------
         Total |       0 |    1075 |   0.0 |       0 |      90 |   0.0 |  1688
               +---------+---------+-------+---------+---------+-------+---------
           D:1 |       0 |      34 |   0.0 |       0 |      22 |   0.0 |   429
           D:2 |       0 |     186 |   0.0 |       0 |      17 |   0.0 |   327
           D:3 |       0 |     275 |   0.0 |       0 |      33 |   0.0 |   560
           D:4 |       0 |     143 |   0.0 |       0 |       6 |   0.0 |    91
           D:6 |       0 |     277 |   0.0 |       0 |       9 |   0.0 |   182
           D:7 |       0 |     160 |   0.0 |       0 |       3 |   0.0 |    23
               +---------+---------+-------+---------+---------+-------+---------

Table legend:
 A = Turns spent in this place as a percentage of turns spent in the entire game.
 B = Non-inter-level travel turns spent in this place as a percentage of non-inter-level travel turns spent in the entire game.
 C = Inter-level travel turns spent in this place as a percentage of turns spent in this place.
 D = Turns resting spent in this place as a percentage of non-inter-level travel turns spent in this place.
 E = Turns spent auto-exploring this place as a percentage of non-inter-level travel turns spent in this place.
 F = Non-inter-level travel turns spent in this place divided by the number of levels of this place that you've seen.
                   A       B       C       D       E      F
               +-------+-------+-------+-------+-------+----------------------
         Total | 100.0 | 100.0 |   1.3 |   0.0 |   0.0 | 185.1
       Dungeon |  99.2 |  99.2 |   1.3 |   0.0 |   0.0 | 206.6
        Temple |   0.8 |   0.8 |   0.0 |   0.0 |   0.0 |  13.0
               +-------+-------+-------+-------+-------+----------------------

Table legend:
 A = Kills in this place as a percentage of kills in entire the game.
 B = Kills by you in this place as a percentage of kills by you in the entire game.
 C = Kills by friends in this place as a percentage of kills by friends in the entire game.
 D = Other kills in this place as a percentage of other kills in the entire game.
 E = Experience gained in this place as a percentage of experience gained in the entire game.
 F = Experience gained in this place divided by the number of levels of this place that you have seen.
                   A       B       C       D       E      F
               +-------+-------+-------+-------+-------+----------------------
         Total | 100.0 | 100.0 |   N/A |   N/A | 100.0 | 119.4
       Dungeon | 100.0 | 100.0 |   N/A |   N/A | 100.0 | 134.4
               +-------+-------+-------+-------+-------+----------------------

Vault maps used:
D:1:      lightli_arrival_lavapool
D:2:      first_ration, patterned_corridor
D:3:      uniq_robin
D:4:      zin_academy, uniq_blork_the_orc, uniq_edmund, uniq_natasha
D:5:      nrook_pool_corridor, nicolae_tso_besieged_by_evil
D:6:      chequers_temple_overflow_statue_of_worship, minmay_temple_entry_hall
D:7:      lemuel_round_altar, serial_shops, shop, uniq_prince_ribbit1
D:8:      lair_entry_dummy, hangedman_ranch, lemuel_statue_altar
Temple:   eino_narrow_crystal_temple
